 Dungeon Crawl Stone Soup version bcrawl-1.14 (webtiles) character file.

Game seed: 16420942685498825299

47 Revguard the Skirmisher (level 3, -2/35 HPs)
             Began as a Hill Orc Abyssal Knight on Sept 9, 2019.
             Was a Follower of Lugonu.
             Slain by a gnoll
             ... wielding a +0 flail
              (6 damage)
             ... on level 2 of the Dungeon.
             The game lasted 00:03:19 (926 turns).

Revguard the Skirmisher (Hill Orc Abyssal Knight)    Turns: 926, Time: 00:03:19

Health: -2/35      AC:  5    Str: 14    XL:     3   Next: 70%
Magic:  5/5        EV: 16    Int: 17    God:    Lugonu [*.....]
Gold:   85         SH:  0    Dex: 16    Spells: 2/2 levels left

rFire    . . .     SeeInvis .   a - +1 hand axe
rCold    . . .     Gourm    .   (no shield)
rNeg     . . .     Faith    .   h - +0 ring mail
rPois    .         Spirit   .   (no helmet)
rElec    .         Reflect  .   (no cloak)
rCorr    .         Harm     .   (no gloves)
MR       .....                  (no boots)
Stlth    ++........             (no amulet)
HPRegen  0.11/turn              (no ring)
MPRegen  0.09/turn              (no ring)

@: brilliant, agile
A: no striking features
a: Depart the Abyss, Renounce Religion


You were on level 2 of the Dungeon.
You worshipped Lugonu.
Lugonu was aware of your devotion.
You were not hungry.

You visited 1 branch of the dungeon, and saw 2 of its levels.
You visited the Abyss 1 time.

You collected 85 gold pieces.

Inventory:

Hand Weapons
 a - a +1 hand axe (weapon)
Armour
 b - a +0 leather armour
 h - a +0 ring mail (worn)
Jewellery
 d - a +6 ring of slaying {unknown}
Scrolls
 e - a scroll of remove curse {unknown}
 g - a scroll of immolation {unknown}
 j - a scroll of amnesia {unknown}
 k - a scroll of enchant weapon {unknown}
 l - a scroll of blinking {unknown}
 m - a scroll of identify {unknown}
 o - a scroll of teleportation {unknown}
Comestibles
 c - 2 rations {!d}
 n - 4 chunks of flesh


   Skills:
 + Level 4.8 Fighting
   Level 4.8 Short Blades
   Level 4.8 Long Blades
   Level 4.8 Axes
   Level 4.8 Maces & Flails
   Level 4.8 Polearms
   Level 4.8 Staves
 + Level 2.6 Armour
 + Level 1.1 Dodging
   Level 4.8 Unarmed Combat
 + Level 2.8 Invocations


You had 2 spell levels left.
You didn't know any spells.
Your spell library was empty.

Dungeon Overview and Level Annotations

Branches:
Dungeon (2/12)

Altars:


Message History

Lugonu accepts your kill.
You hit the gnoll. Your punch misses the gnoll.
The gnoll is moderately wounded.
The gnoll hits you.
* * * LOW HITPOINT WARNING * * *
It was a potion of brilliance.
You feel clever all of a sudden. The gnoll completely misses you.
You barely miss the gnoll.
The gnoll is moderately wounded.
The gnoll misses you.
A gnoll comes into view. It is wielding a +0 flail.
You hit the gnoll but do no damage.
The gnoll is moderately wounded.
The gnoll closely misses you.
You hit the gnoll.
The gnoll is heavily wounded.
Your ring mail prevents you from hitting the gnoll.
The gnoll misses you. The gnoll hits you with a +0 flail.
You die...

#.#...# .# #.#.#.# #.##
#)#.#.########....
................#
....#.#####....###
#...#.# ##...# .. # #
#.#.#.####....# .###.#
.#
.............#.###gg.#
.. #.........†..#(g@#.#
.. #...#.####.###.##g##
.##
#...#.#.......#.#..#...#
#.....#.#...###.##..# ..
...####
#<.#..#(..####.... ##.
#..##..###....#
#...##.#.#.####
#..)).#.[.#......#
#.#...##.####.#.##


You could see 2 gnolls.

Vanquished Creatures
  2 gnolls (D:2)
  A dart slug (D:1)
  5 leopard geckos
  An orc (D:2)
  A bat (D:2)
  A giant cockroach (D:1)
  2 goblins (D:2)
  A hobgoblin (D:2)
  A frilled lizard (D:1)
  2 kobolds
  3 rats
20 creatures vanquished.

Notes
Turn   | Place    | Note
-------+----------+-------------------------------------------
     0 | Abyss:1  | Revguard the Hill Orc Abyssal Knight began the quest for
                  | the Orb.
     0 | Abyss:1  | Reached XP level 1. HP: 20/20 MP: 2/2
     6 | D:1      | Escaped the Abyss
   438 | D:1      | Reached XP level 2. HP: 17/28 MP: 4/4
   853 | D:2      | Reached skill level 1 in Dodging
   891 | D:2      | Reached XP level 3. HP: 29/34 MP: 5/5
   926 | D:2      | Slain by a gnoll

Skill      XL: |  1  2 |
---------------+-------+-----
Dodging        | 1 |  1.1
Fighting       | |  4.8
Short Blades   | |  4.8
Long Blades    | |  4.8
Axes           | |  4.8
Maces & Flails | |  4.8
Polearms       | |  4.8
Staves         | |  4.8
Armour         | |  2.6
Unarmed Combat | |  4.8
Invocations    | |  2.8

Action                   || total
-------------------------++-------
Melee: Hand axe          ||    77
       Punch             ||     2
  Use: Potion            ||     3
Armor: Ring mail         ||    12
       Leather armour    ||     2
Dodge: Dodged            ||    44
